 Dungeon Crawl Stone Soup version 0.17-a0-1900-g45e8110 (webtiles) character file.

542 derrpe the Firebug (level 7, -4/59 HPs)
             Began as an Ogre Fire Elementalist on Sept 25, 2015.
             Slain by a wyvern (18 damage)
             ... on level 4 of the Dungeon.
             The game lasted 00:06:34 (5353 turns).

derrpe the Firebug (Ogre Fire Elementalist)         Turns: 5353, Time: 00:06:34

Health: -4/59      AC:  3    Str: 14    XL:     7   Next: 27%
Magic:  14/19      EV: 10    Int: 16    God:
Gold:   154        SH:  0    Dex: 10    Spells: 3 memorised, 2 levels left

rFire  . . .     SeeInvis +     e - +0 short sword (venom)
rCold  . . .     Clarity  .     a - +0 robe
rNeg   . . .     SustAt   .     (no shield)
rPois  .         Gourm    .     (helmet restricted)
rElec  .         Spirit   .     (no cloak)
rCorr  .         Warding  .     (gloves unavailable)
rMut   .         Stasis   .     (boots unavailable)
MR     .....                    (no amulet)
Stlth  +.........               s - ring of magical power
                                f - ring of see invisible

@: very slightly contaminated, invisible, not resistant to hostile enchantments,
very unstealthy
A: unfitting armour, tough skin 1
a: no special abilities


You were on level 4 of the Dungeon.
You were not hungry.

You visited 1 branch of the dungeon, and saw 4 of its levels.

You collected 154 gold pieces.

Inventory:

Hand weapons
 e - a +0 short sword of venom (weapon)
Armour
 a - a +0 robe (worn)
Jewellery
 f - a ring of see invisible (left hand)
 s - a ring of magical power (right hand)
 v - an uncursed ring of flight
Magical devices
 p - a wand of slowing (11)
Scrolls
 d - a scroll of teleportation {unknown}
 g - 4 scrolls of random uselessness {unknown}
 h - 3 scrolls of identify {unknown}
 i - 2 scrolls of magic mapping {unknown}
 j - 6 scrolls of remove curse {unknown}
 k - a scroll of enchant armour {unknown}
 l - 4 scrolls of recharging {unknown}
Potions
 n - a potion of agility {unknown}
 q - 2 potions of degeneration {unknown}
 r - a potion of flight {unknown}
 t - a potion of resistance {unknown}
 u - a potion of cure mutation {unknown}
Books
 b - a book of Flames

   Spells                             Type                      Level
   a - Flame Tongue                   Conjuration/Fire             1
   b - Throw Flame                    Conjuration/Fire             2
   c - Conjure Flame                  Conjuration/Fire             3
   d - Inner Flame                    Hexes/Fire                   3
   e - Sticky Flame                   Conjuration/Fire             4
   f - Fireball                       Conjuration/Fire             5
Comestibles
 c - 3 bread rations {@e1}
 m - 2 beef jerkies
 w - 3 chunks of flesh {@w0}


   Skills:
 - Level 1.7 Dodging
 - Level 1.5 Stealth
 - Level 2.4 Spellcasting
 + Level 3.9 Conjurations
 + Level 4.5 Fire Magic


You had 2 spell levels left.
You knew the following spells:

 Your Spells              Type           Power        Failure   Level  Hunger
a - Flame Tongue          Conj/Fire      ###..        4%          1    #......
b - Conjure Flame         Conj/Fire      ###.....     12%         3    ###....
c - Sticky Flame          Conj/Fire      ###.....     38%         4    #####..


Dungeon Overview and Level Annotations

Branches:
Dungeon (4/15)
 Temple: D:4-7

Altars:
Qazlal
The Shining One


Innate Abilities, Weirdness & Mutations

You are too large for most types of armour.
You have tough skin (AC +1).


Message History

Press: ? - help, Shift-Dir - straight line, f/p - wyvern
Aim: a wyvern (moderately wounded)
The flame tongue hits the wyvern.
The wyvern is heavily wounded.
The wyvern bites you!
* * * LOW HITPOINT WARNING * * *
The wyvern closely misses you.
Casting: Flame Tongue
Confirm with . or Enter, or press ? or * to list all spells.
Aiming: Flame Tongue
Press: ? - help, Shift-Dir - straight line, f/p - wyvern
Aim: a wyvern (heavily wounded)
The flame tongue hits the wyvern.
The wyvern is heavily wounded.
The wyvern barely misses you.
Drink which item? (? for menu, Esc to quit)
It was a potion of invisibility.
You fade into invisibility!
The wyvern bites you!!
You die...

#.....#.(...# ##........
#...........## #........
#............###....###.
........(.....##..### ##
####.............# #
#.g............# ##
#..################.
#.l##........###.... #..
#..@.#......#.##...# #..#
#.....#....#..##..##
#...###......#..#...######
#...#........##...## ##.
#............##...## ##..
#..........###.#...###...
#...........##..#..##....
#...........##...#.##....
#...........##....##.....


You could see a wyvern and a gnoll.

Vanquished Creatures
  Sigmund (D:2)
  A phantom (D:4)
  An orc priest (D:4)
  A centaur skeleton (D:4)
  Terence (D:2)
  An orc wizard (D:4)
  Natasha (thrice) (D:4)
  A worker ant (D:4)
  2 gnolls (D:4)
  Robin (D:2)
  2 adders (D:4)
  An adder skeleton (D:4)
  A worm (D:3)
  2 giant geckos (D:3)
  2 orcs
  7 giant cockroaches
  19 goblins
  10 hobgoblins
  11 jackals
  A ball python (D:2)
  3 bats
  A giant newt (D:1)
  7 kobolds
  6 rats
86 creatures vanquished.

Notes
Turn   | Place    | Note
--------------------------------------------------------------
     0 | D:1      | derrpe the Ogre Fire Elementalist began the quest for the Orb.
     0 | D:1      | Reached XP level 1. HP: 16/16 MP: 3/3
   449 | D:1      | Reached skill level 1 in Conjurations
   458 | D:1      | Reached XP level 2. HP: 15/24 MP: 0/5
  1771 | D:2      | Noticed Robin
  1849 | D:1      | Reached XP level 3. HP: 16/31 MP: 0/6
  2366 | D:2      | Killed Robin
  2608 | D:2      | Reached XP level 4. HP: 28/39 MP: 0/7
  2775 | D:2      | Noticed Sigmund
  2790 | D:2      | Killed Sigmund
  2790 | D:2      | Reached skill level 3 in Conjurations
  2790 | D:2      | Reached XP level 5. HP: 18/45 MP: 5/8
  2975 | D:2      | Reached XP level 6. HP: 50/53 MP: 6/9
  3097 | D:2      | Noticed Terence
  3117 | D:2      | Killed Terence
  3761 | D:3      | Found a glowing golden altar of the Shining One.
  4316 | D:4      | Reached skill level 4 in Fire Magic
  4465 | D:4      | Learned a level 3 spell: Conjure Flame
  4470 | D:4      | Learned a level 4 spell: Sticky Flame
  4636 | D:4      | Noticed Natasha
  4640 | D:4      | Killed Natasha
  4758 | D:4      | Reached XP level 7. HP: 21/59 MP: 0/10
  5049 | D:4      | Found a stormy altar of Qazlal.
  5054 | D:4      | Noticed Natasha
  5059 | D:4      | Killed Natasha
  5216 | D:4      | Noticed Natasha
  5217 | D:4      | Killed Natasha
  5337 | D:4      | Noticed a wyvern
  5353 | D:4      | Slain by a wyvern

Vault maps used:
D:1:      dpeg_arrival_solitude
D:2:      uniq_robin, uniq_sigmund, uniq_terence
D:3:      lemuel_doored_altar
D:4:      grunt_qazlal_clouds, first_bread, hangedman_decor_slide_cut,
          uniq_natasha

Action                   |  1- 3 |  4- 6 |  7- 9 || total
-------------------------+-------+-------+-------++-------
Melee: Short sword       |    35 |    30 |       ||    65
       Unarmed           |     1 |       |       ||     1
 Cast: Flame Tongue      |    70 |    97 |    18 ||   185
  Use: Potion            |       |       |     1 ||     1
  Eat: Bread ration      |     1 |       |       ||     1
       Chunk             |     1 |     8 |     3 ||    12
